 Dungeon Sprint DCSS version 0.29-a0-284-gf9362112df (webtiles) character file.

Game seed: 13541770892360726504

293293 mhtbhm the Imperceptible (level 13, 18/141 HPs)
             Began as a Minotaur Berserker on Mar 27, 2022.
             Was the Champion of Trog.
             Escaped with the Orb!
             The game lasted 00:12:50 (6712 turns).

mhtbhm the Imperceptible (Minotaur Berserker)       Turns: 6712, Time: 00:12:51

Health: 18/141     AC: 15    Str: 42    XL:     13   Next: 68%
Magic:  4/4        EV: 13    Int:  2    God:    Trog [******]
Gold:   206        SH:  5    Dex:  7    Spells: 12/12 levels left

rFire   . . .      SeeInvis +   a - +10 trident "Arbiter" {antimagic, Str+9 Int-2}
rCold   . . .      Faith    .   c - +1 buckler {rN+}
rNeg    + . .      Spirit   .   b - +4 faerie dragon scales {Rampage rCorr Str+7 Dex-4}
rPois   .          Reflect  .   (helmet restricted)
rElec   .          Harm     .   (no cloak)
rCorr   +          Rampage  +   (no gloves)
Will    .....      NoTele   +   (no boots)
Stlth   +++.......              j - amulet of invisibility {+Inv}
HPRegen 0.33/turn               i - +4 ring of protection
MPRegen 0.09/turn               n - ring of see invisible

@: no status effects
A: horns 2, retaliatory headbutt
0: Orb of Zot
a: Renounce Religion, Evoke Invisibility, Berserk, Trog's Hand, Brothers in Arms


You escaped.
You worshipped Trog.
Trog was exalted by your worship.
You visited 1 branch You collected 496 gold pieces.
You spent 290 gold pieces at shops.

Inventory:

Hand Weapons
 a - the +10 trident "Arbiter" (weapon) {antimagic, Str+9 Int-2}
   (Trog gifted it to you in the Dungeon)

   It reduces the magical energy of the wielder, and disrupts the spells and
   magical abilities of those it strikes.
   Natural abilities and divine invocations are not affected.
   Str:       It affects your strength (+9).
   Int:       It affects your intelligence (-2).
 l - a +4 antimagic glaive
 q - a +8 vorpal glaive
Missiles
 r - a curare-tipped dart (quivered)
Armour
 b - the +4 faerie dragon scales (worn) {Rampage rCorr Str+7 Dex-4}
   (You took it off the Enchantress in the Dungeon)

   Str:       It affects your strength (+7).
   Dex:       It affects your dexterity (-4).
   rCorr:     It protects you from acid and corrosion.
   Rampage:   It bestows one free step when moving towards enemies.
 c - a +1 buckler of positive energy (worn)
Jewellery
 i - a +4 ring of protection (left hand)
 j - the amulet of invisibility (around neck) {+Inv}
   (You found it in the Dungeon)

   [amulet of nothing]

   +Inv:      It lets you turn invisible.
 n - a ring of see invisible (right hand)
 o - the amulet "Ducet" {Acrobat Rampage rElec}
   (You found it in the Dungeon)

   [amulet of the acrobat]

   It increases your evasion while moving and waiting.
   rElec:     It insulates you from electricity.
   Rampage:   It bestows one free step when moving towards enemies.
Scrolls
 k - 3 scrolls of identify
 m - 2 scrolls of fog
Potions
 e - 2 potions of haste
 f - 2 potions of magic
 g - a potion of berserk rage


   Skills:
 + Level 20.7 Fighting
 + Level 20.0 Polearms
 + Level 1.3 Throwing
 + Level 7.0 Armour
 + Level 10.7 Dodging
 + Level 21.0 Stealth
 + Level 4.0 Shields
 + Level 13.4 Evocations


You had 12 spell levels left.
You didn't know any spells.
Your spell library was empty.

Dungeon Overview and Level Annotations

Branches:
Dungeon (1/1)

Altars:
Cheibriados
Dithmenos
Elyvilon
Gozag
Hepliaklqana
Kikubaaqudgha
Makhleb
Nemelex Xobeh
Okawaru
Qazlal
Ru
Sif Muna
Trog
Uskayaw
Vehumet
Wu Jian
Xom
Yredelemnul
Zin
The Shining One
Beogh
Jiyva
Lugonu

Shops:
D [*::[?:!*(?:?(=!(!([?


Innate Abilities, Weirdness & Mutations

You have a pair of horns on your head.
You reflexively headbutt those who attack you in melee.


Message History

The hellwing hits you but does no damage.
The hellwing misses you.
You hit the hellwing.
The hellwing is lightly wounded.
The hellwing hits you!
* * * LOW HITPOINT WARNING * * *
The hellwing closely misses you.
Unknown command.
You hit the hellwing but do no damage.
A nearby fungus withers and dies.
You puncture the hellwing! You headbutt the hellwing!
The hellwing is moderately wounded.
The hellwing closely misses you. The hellwing misses you.
You hit the hellwing but do no damage.
The hellwing is moderately wounded.
The hellwing barely misses you. The hellwing hits you.
* * * LOW HITPOINT WARNING * * *
You puncture the hellwing!
The hellwing is severely wounded.
You puncture the hellwing! Your headbutt misses the hellwing.
The hellwing is almost dead.
The hellwing hits you!
* * * LOW HITPOINT WARNING * * *
You block the hellwing's attack.
You puncture the hellwing!
You kill the hellwing!
Trog accepts your kill.
Your Polearms skill increases to level 20!
Your cyclops disappears in a puff of smoke!
There is an open door here.
You recover from your berserk rage.
You puncture the fungus!
The fungus begins to die.
You headbutt the fungus!!
The fungus is lightly damaged.
You impale the fungus!!
The fungus is moderately damaged.
Unknown command.
You impale the fungus!! You headbutt the fungus!
The fungus is heavily damaged.
A nearby fungus withers and dies.
There is a staircase leading out of the dungeon here.
You have escaped!

##################
#@..P#.....#.....#
#P...'.....'.#)".'
#P.PP#.....#.#...#
###############'##
#...♣........'...#
#......♣.....#...#
#.....♣..♣..######
##'####)######.)'.
#:)#....')......#♣


There were no monsters in sight!

Vanquished Creatures
  the Enchantress (D)
  2 Orb Guardians (D)
  Agnes (D)
  2 ghost moths (D)
  6 spriggan defenders (D)
  A demonspawn blood saint (D)
  2 blizzard demons (D)
  4 spriggan berserkers (D)
  4 spriggan druids (D)
  25 oklob plants (D)
  3 moths of wrath (D)
  A smoke demon (D)
  An orange demon (D)
  4 demonic crawlers (D)
  A hellwing (D)
  3 burning bushes (D)
  2 queen bees (D)
  A red devil (D)
  3 wandering mushrooms (D)
  10 hornets (D)
  6 golden eyes (D)
  4 scorpions (D)
  4 killer bees (D)
  5 oklob saplings (D)
  11 spriggans (D)
  A river rat (D)
  A rat (D)
  A ballistomycete spore (D)
110 creatures vanquished.

Vanquished Creatures (collateral kills)
  A Hell Sentinel (D)
  A spriggan berserker (D)
2 creatures vanquished.

Vanquished Creatures (others)
  A ballistomycete spore (D)
  3 bushes (D)
  3 fungi (D)
7 creatures vanquished.

Grand Total: 119 creatures vanquished

Notes
Turn   | Place    | Note
-------+----------+-------------------------------------------
     0 | D        | mhtbhm the Minotaur Berserker began the quest for the Orb.
     0 | D        | Reached XP level 1. HP: 19/19 MP: 0/0
     9 | D        | Reached XP level 2. HP: 28/28 MP: 1/1
   121 | D        | Noticed an oklob sapling
   124 | D        | Killed an oklob sapling
   124 | D        | Reached ** piety under Trog
   125 | D        | Reached XP level 3. HP: 13/37 MP: 2/2
   345 | D        | Noticed a scorpion
   345 | D        | Found the amulet of invisibility {+Inv}
   349 | D        | Killed a scorpion
   350 | D        | Reached XP level 4. HP: 47/47 MP: 3/3
   417 | D        | Found an opulent altar of Gozag.
   417 | D        | Found a hazy altar of Hepliaklqana.
   417 | D        | Found a burning altar of Makhleb.
   417 | D        | Found a sparkling altar of Nemelex Xobeh.
   417 | D        | Found a snail-covered altar of Cheibriados.
   417 | D        | Found a sacrificial altar of Ru.
   417 | D        | Found a shimmering blue altar of Sif Muna.
   417 | D        | Found a shimmering altar of Xom.
   417 | D        | Found a basalt altar of Yredelemnul.
   418 | D        | Found a viscous altar of Jiyva.
   418 | D        | Found a bloodstained altar of Trog.
   418 | D        | Found an ornate altar of the Wu Jian Council.
   419 | D        | Found an iron altar of Okawaru.
   419 | D        | Found a shadowy altar of Dithmenos.
   419 | D        | Found a glowing silver altar of Zin.
   420 | D        | Found an ancient bone altar of Kikubaaqudgha.
   420 | D        | Found a hide-covered altar of Uskayaw.
   421 | D        | Found a stormy altar of Qazlal.
   421 | D        | Found a white marble altar of Elyvilon.
   421 | D        | Found a glowing golden altar of the Shining One.
   422 | D        | Found a corrupted altar of Lugonu.
   422 | D        | Found a radiant altar of Vehumet.
   443 | D        | Reached skill level 1 in Stealth
   616 | D        | Reached skill level 1 in Evocations
   616 | D        | Reached XP level 5. HP: 56/56 MP: 2/4
   642 | D        | Reached *** piety under Trog
   643 | D        | Reached skill level 2 in Stealth
   650 | D        | Reached skill level 10 in Polearms
   650 | D        | Reached skill level 3 in Stealth
   650 | D        | Reached XP level 6. HP: 63/63 MP: 5/5
   658 | D        | Found Wixkaci's Jewellery Shop.
   658 | D        | Found Vangaop's Weapon Emporium.
   698 | D        | Noticed a burning bush
   698 | D        | Noticed a wandering mushroom
   699 | D        | Noticed a wandering mushroom
   707 | D        | Reached skill level 5 in Armour
   730 | D        | Killed a wandering mushroom
   730 | D        | Reached **** piety under Trog
   731 | D        | Reached skill level 10 in Fighting
   731 | D        | Reached skill level 5 in Dodging
   731 | D        | Reached skill level 4 in Stealth
   731 | D        | Reached XP level 7. HP: 52/73 MP: 6/6
  1108 | D        | Killed a burning bush
  1109 | D        | Reached skill level 5 in Stealth
  1129 | D        | Found Coiphel's Weapon Emporium.
  1129 | D        | Found Cegois's Distillery.
  1319 | D        | Noticed a queen bee
  1327 | D        | Killed a queen bee
  1327 | D        | Reached ***** piety under Trog
  1328 | D        | Reached skill level 6 in Stealth
  1328 | D        | Reached XP level 8. HP: 83/83 MP: 4/7
  1438 | D        | Noticed an oklob plant
  1470 | D        | Killed an oklob plant
  1470 | D        | Identified the +10 trident "Arbiter" {antimagic, Str+9
                  | Int-2} (Trog gifted it to you in the Dungeon)
  1470 | D        | Received a gift from Trog
  1471 | D        | Reached skill level 7 in Stealth
  1471 | D        | Reached skill level 5 in Evocations
  1494 | D        | Noticed a burning bush
  1499 | D        | Killed a burning bush
  1500 | D        | Reached skill level 8 in Stealth
  1530 | D        | Noticed a burning bush
  1530 | D        | Noticed an oklob plant
  1531 | D        | Killed a burning bush
  1532 | D        | Reached XP level 9. HP: 92/92 MP: 0/8
  1532 | D        | Noticed a wandering mushroom
  1539 | D        | Killed an oklob plant
  1540 | D        | Reached skill level 9 in Stealth
  1545 | D        | Killed a wandering mushroom
  1546 | D        | Reached skill level 15 in Polearms
  1546 | D        | Reached skill level 10 in Stealth
  1685 | D        | Noticed a spriggan druid
  1689 | D        | Killed a spriggan druid
  1750 | D        | Noticed an oklob plant conjurer
  1751 | D        | Killed an oklob plant conjurer
  1751 | D        | Received a gift from Trog
  1788 | D        | Noticed an oklob plant
  1788 | D        | Noticed an oklob plant summoner
  1789 | D        | Noticed an oklob plant shifter
  1794 | D        | Killed an oklob plant
  1795 | D        | Reached skill level 11 in Stealth
  1795 | D        | Reached XP level 10. HP: 102/102 MP: 0/9
  1797 | D        | Killed an oklob plant summoner
  1800 | D        | Killed an oklob plant shifter
  1800 | D        | Reached ****** piety under Trog
  1815 | D        | Reached skill level 12 in Stealth
  1816 | D        | Noticed a spriggan rider
  1823 | D        | Killed a spriggan rider
  1827 | D        | Reached skill level 13 in Stealth
  1828 | D        | Found Qeclap's Armour Emporium.
  1834 | D        | Found Nacyse Xaana's Magic Scroll Shoppe.
  1913 | D        | Noticed Agnes
  1936 | D        | Killed Agnes
  1937 | D        | Noticed a spriggan berserker
  1940 | D        | Killed a spriggan berserker
  1940 | D        | Received a gift from Trog
  1941 | D        | Reached skill level 14 in Stealth
  2073 | D        | Found Wioruan's Distillery.
  2189 | D        | Found Methre's Weapon Shoppe.
  2190 | D        | Noticed a spriggan defender
  2216 | D        | Killed a spriggan defender
  2217 | D        | Reached XP level 11. HP: 10/111 MP: 3/10
  2756 | D        | Bought a ring of see invisible for 165 gold pieces
  2822 | D        | Noticed a spriggan rider
  3093 | D        | Noticed a ghost moth
  3094 | D        | Found Yddutse's General Store.
  3094 | D        | Found Fenute's Book Emporium.
  3094 | D        | Found Eryd's Antique Armour Shoppe.
  3106 | D        | Killed a ghost moth
  3107 | D        | Reached skill level 15 in Fighting
  3107 | D        | Reached skill level 15 in Stealth
  3422 | D        | Noticed an oklob plant shifter
  3422 | D        | Noticed an oklob plant meteorologist
  3426 | D        | Killed an oklob plant meteorologist
  3427 | D        | Reached skill level 10 in Evocations
  3434 | D        | Killed an oklob plant shifter
  3479 | D        | Noticed a spriggan rider
  3488 | D        | Received a gift from Trog
  3710 | D        | Found Teag's Armour Shoppe.
  3710 | D        | Found Fosoc's Magic Scroll Boutique.
  3710 | D        | Found Doefedac's Book Shop.
  3710 | D        | Found Bobaval's Distillery.
  3710 | D        | Found Ejyq Huufime's Book Shoppe.
  3711 | D        | Found Moeh Sik's Weapon Emporium.
  3711 | D        | Found Evoesix Redgh's Magic Scroll Shop.
  3711 | D        | Found Nasesuga's General Store.
  3733 | D        | Bought a scroll of blinking for 105 gold pieces
  3752 | D        | Noticed an oklob plant summoner
  3753 | D        | Found Xytinturr's Book Emporium.
  3754 | D        | Found Zampiew's Magic Scroll Shop.
  3758 | D        | Killed an oklob plant summoner
  3759 | D        | Reached skill level 16 in Stealth
  3763 | D        | Noticed an oklob plant demonologist
  3763 | D        | Noticed an oklob plant annihilator
  3781 | D        | Noticed a spriggan berserker
  3796 | D        | Killed a spriggan berserker
  3799 | D        | Killed an oklob plant demonologist
  3799 | D        | Received a gift from Trog
  3801 | D        | Killed an oklob plant annihilator
  3930 | D        | Identified the amulet "Ducet" {Acrobat Rampage rElec}
  3948 | D        | Bought a scroll of fog for 20 gold pieces
  3974 | D        | Noticed an oklob plant
  3974 | D        | Noticed an oklob plant
  3974 | D        | Noticed an oklob plant
  3974 | D        | Noticed an oklob plant
  3974 | D        | Noticed an oklob plant
  3974 | D        | Noticed an oklob plant
  3975 | D        | Noticed an oklob plant
  3979 | D        | Killed an oklob plant
  3983 | D        | Killed an oklob plant
  3984 | D        | Noticed an oklob plant
  3989 | D        | Killed an oklob plant
  3989 | D        | Received a gift from Trog
  3990 | D        | Noticed an oklob plant
  3992 | D        | Killed an oklob plant
  3993 | D        | Noticed an oklob plant
  4001 | D        | Killed an oklob plant
  4002 | D        | Noticed an oklob plant
  4006 | D        | Killed an oklob plant
  4007 | D        | Reached skill level 17 in Stealth
  4007 | D        | Reached XP level 12. HP: 124/124 MP: 2/11
  4182 | D        | Received a gift from Trog
  4302 | D        | Noticed a spriggan defender
  4302 | D        | Noticed a spriggan defender
  4338 | D        | Killed a spriggan defender
  4339 | D        | Reached skill level 18 in Stealth
  4784 | D        | Killed a spriggan defender
  4785 | D        | Noticed a ghost moth
  4792 | D        | Received a gift from Trog
  4796 | D        | Killed a ghost moth
  5078 | D        | Reached skill level 19 in Stealth
  5105 | D        | Received a gift from Trog
  5623 | D        | Noticed a spriggan defender
  5634 | D        | Killed a spriggan defender
  5793 | D        | Noticed the Enchantress
  5805 | D        | Killed the Enchantress
  5805 | D        | Received a gift from Trog
  5806 | D        | Reached skill level 1 in Shields
  5809 | D        | Reached XP level 13. HP: 136/136 MP: 4/12
  5914 | D        | Reached skill level 20 in Stealth
  6074 | D        | Received a gift from Trog
  6075 | D        | Reached skill level 10 in Dodging
  6264 | D        | Noticed a spriggan defender
  6266 | D        | Noticed a spriggan defender
  6279 | D        | Killed a spriggan defender
  6284 | D        | Killed a spriggan defender
  6327 | D        | Got the Orb of Zot
  6375 | D        | Noticed a demonspawn blood saint
  6375 | D        | Noticed a blizzard demon
  6379 | D        | Killed a blizzard demon
  6380 | D        | Reached skill level 1 in Throwing
  6389 | D        | Killed a demonspawn blood saint
  6389 | D        | Received a gift from Trog
  6412 | D        | Noticed an Orb Guardian
  6427 | D        | Killed an Orb Guardian
  6636 | D        | Noticed an Orb Guardian
  6638 | D        | Noticed a blizzard demon
  6641 | D        | Killed an Orb Guardian
  6641 | D        | Received a gift from Trog
  6644 | D        | Killed a blizzard demon
  6667 | D        | Noticed a Hell Sentinel
  6679 | D        | Killed a Hell Sentinel
  6680 | D        | Reached skill level 21 in Stealth
  6712 | D        | Escaped with the Orb!

Illustrated notes

Levels and vault maps discovered:
D:        dungeon_sprint_fedhas [sprint_temple]

Skill      XL: |  1  2  3  4  5  6  7  8  9 10 11 12 13 |
---------------+----------------------------------------+-----
Fighting       | 4 6 7 8 9 10 11 12 13 14 16 18 20 | 20.7
Polearms       | 4 6 7 8 10 11 13 14 15 16 17 18 20 | 20.0
Armour         | 3 4 5 6 7 |  7.0
Dodging        | 3 4 5 6 9 10 | 10.7
Stealth        | 1 3 4 6 8 11 14 17 19 21 | 21.0
Evocations     | 1 3 4 5 7 9 11 12 13 | 13.4
Shields        | 1 4 |  4.0
Throwing       | 1 |  1.3

Action                   |  1- 3 |  4- 6 |  7- 9 | 10-12 | 13-15 || total
-------------------------+-------+-------+-------+-------+-------++-------
Melee: Spear             |    11 |    71 |    85 |       |       ||   167
       Headbutt          |     4 |     3 |     3 |    20 |    16 ||    46
       Trident           |       |       |    22 |   254 |   112 ||   388
Throw: Dart              |       |       |       |     1 |       ||     1
Invok: Berserk           |     2 |     1 |     3 |    13 |     3 ||    22
       Brothers in Arms  |       |       |       |     1 |     2 ||     3
 Abil: Evoke Invisibilit |       |     2 |     6 |     6 |     4 ||    18
  Use: Potion            |       |       |     1 |     1 |     1 ||     3
       Scroll            |       |       |       |     2 |     1 ||     3
 Stab: Invisible         |       |     4 |     8 |    18 |     5 ||    35
       Sleeping          |       |     2 |     9 |    12 |     1 ||    24
       Distracted        |       |       |       |     1 |       ||     1
Armor: Leather armour    |       |       |     1 |     1 |       ||     2
       Robe              |       |       |       |    10 |       ||    10
       Acid dragon scale |       |       |       |       |    16 ||    16
Dodge: Dodged            |     2 |     6 |    11 |    55 |    18 ||    92
Block: Buckler           |       |       |       |     6 |     8 ||    14

Table legend: (Time is in decaauts)
 A = Elapsed time spent in this place.
 B = Non-inter-level travel time spent in this place.
 C = Inter-level travel time spent in this place.
 D = Time resting spent in this place.
 E = Time spent auto-exploring this place.
 F = Levels seen in this place.
 G = Mean time per level.
                   A        B        C        D        E       F      G
               +--------+--------+--------+--------+--------+-----+--------+
         Total |   6690 |   6552 |    138 |   4782 |      3 |   1 | 6690.0 |
       Dungeon |   6690 |   6552 |    138 |   4782 |      3 |   1 | 6690.0 |
               +--------+--------+--------+--------+--------+-----+--------+

Top non-repeatable levels by time:
       D: 6690 daAuts
